| TOP OF THE 1ST |
|
Missoula Osprey batting - Pitching for San Diego (APP) Padres : RHP Liam Tate
|
|
Pitching: RHP Liam Tate
|
|
|
Batting: RHB Hyeok Shon
|
0-0: Ball 1-0: Ground out U3 (Groundball, 34S, EV 76.2 MPH)
|
|
Batting: RHB Orlando Florez
|
0-0: Foul Ball, location: 2F 0-1: SINGLE (Line Drive, 8RS, EV 88.8 MPH)
|
|
Batting: SHB Ed Vargas
|
0-0: Ball 1-0: Called Strike 1-1: Ball 2-1: Called Strike 2-2: Foul Ball, location: 2F 2-2: Fielders Choice at 2nd, 3-6 (Groundball, 3, EV 110.0 MPH)
|
|
Batting: RHB D.J. Cooke
|
0-0: Called Strike 0-1: Swinging Strike 0-2: Foul Ball, location: 2F 0-2: Ball 1-2: Strikes out swinging
|
| Top of the 1st over - 0 runs, 1 hit, 0 errors, 1 left on base; Missoula 0 - San Diego (APP) 0 |
| BOTTOM OF THE 1ST |
|
San Diego (APP) Padres batting - Pitching for Missoula Osprey : RHP Jordan Rondon
|
|
Pitching: RHP Jordan Rondon
|
|
|
Batting: RHB Elias Vences
|
0-0: Ball 1-0: Called Strike 1-1: Ball 2-1: Swinging Strike 2-2: Ball 3-2: Ground out 1-3 (Groundball, P, EV 71.9 MPH)
|
|
Batting: RHB Max Stillo
|
0-0: Ball 1-0: Ball 2-0: Ball 3-0: Called Strike 3-1: Foul Ball, location: 2F 3-2: Base on Balls
|
|
Batting: LHB Hugo MacBeth
|
0-0: Called Strike 0-1: Ball 1-1: Ball Max Stillo is caught stealing 2nd base 2-6 2-1: Foul Ball, location: 2F 2-2: Fly out, F4 (Popup, 23, EV 88.1 MPH)
|
| Bottom of the 1st over - 0 runs, 0 hits, 0 errors, 0 left on base; Missoula 0 - San Diego (APP) 0 |
| TOP OF THE 2ND |
|
Missoula Osprey batting - Pitching for San Diego (APP) Padres : RHP Liam Tate
|
|
Batting: LHB Dallas Kelly
|
0-0: Called Strike 0-1: Foul Ball, location: 2F 0-2: Ball 1-2: SINGLE (Groundball, 4MD, EV 107.5 MPH)
|
|
Batting: RHB Edwin Romero
|
0-0: Ball 1-0: Foul Ball, location: 2F 1-1: Ball 2-1: Foul Ball, location: 2F 2-2: Ball 3-2: Fielders Choice at 2nd, 6-4 (Groundball, 6, EV 91.2 MPH)
|
|
Batting: RHB Daniel Rivera
|
0-0: Called Strike 0-1: Fielders Choice at 2nd, 6-4 (Groundball, 6, EV 101.9 MPH)
|
|
Batting: RHB Mike Swift
|
0-0: Called Strike Daniel Rivera is caught stealing 2nd base 2-4
|
| Top of the 2nd over - 0 runs, 1 hit, 0 errors, 0 left on base; Missoula 0 - San Diego (APP) 0 |
| BOTTOM OF THE 2ND |
|
San Diego (APP) Padres batting - Pitching for Missoula Osprey : RHP Jordan Rondon
|
|
Batting: LHB Carlos Cuellar
|
0-0: Foul Ball, location: 2F 0-1: Foul Ball, location: 2F 0-2: Foul Ball, location: 2F 0-2: Strikes out looking
|
|
Batting: LHB Conor Barron
|
0-0: Ball 1-0: Ball 2-0: Swinging Strike 2-1: Called Strike 2-2: Strikes out swinging
|
|
Batting: SHB Isaiah Scates
|
0-0: Ball 1-0: Ball 2-0: Ball 3-0: Base on Balls
|
|
Batting: LHB Phil Lerner
|
0-0: Ball 1-0: Ball 2-0: Foul Ball, location: 2F 2-1: Fly out, F7 (Flyball, 7LMF, EV 113.1 MPH)
|
| Bottom of the 2nd over - 0 runs, 0 hits, 0 errors, 1 left on base; Missoula 0 - San Diego (APP) 0 |
| TOP OF THE 3RD |
|
Missoula Osprey batting - Pitching for San Diego (APP) Padres : RHP Liam Tate
|
|
Batting: RHB Mike Swift
|
0-0: Called Strike 0-1: Foul Ball, location: 2F 0-2: Foul Ball, location: 2F 0-2: Ball 1-2: Ball 2-2: Foul Ball, location: 2F 2-2: Strikes out swinging
|
|
Batting: RHB Zach Espinosa
|
0-0: Fly out, F8 (Flyball, 78M, EV 76.9 MPH)
|
|
Batting: RHB Hyeok Shon
|
0-0: Foul Ball, location: 2F 0-1: Swinging Strike 0-2: Foul Ball, location: 2F 0-2: Strikes out swinging
|
| Top of the 3rd over - 0 runs, 0 hits, 0 errors, 0 left on base; Missoula 0 - San Diego (APP) 0 |
| BOTTOM OF THE 3RD |
|
San Diego (APP) Padres batting - Pitching for Missoula Osprey : RHP Jordan Rondon
|
|
Batting: RHB Brian DeVoe
|
0-0: DOUBLE (Line Drive, 9LS, EV 113.1 MPH) - OUT at third base trying to stretch hit.
|
|
Batting: RHB Ed Oake
|
0-0: Ball 1-0: SINGLE (Line Drive, 4MD, EV 104.4 MPH)
|
|
Batting: RHB Elias Vences
|
0-0: Called Strike 0-1: Called Strike 0-2: Foul Ball, location: 2F 0-2: Hit by Pitch Ed Oake to second
|
|
Batting: RHB Max Stillo
|
0-0: Ball 1-0: Foul Ball, location: 2F 1-1: Ball 2-1: Foul Ball, location: 2F 2-2: Ball 3-2: Strikes out swinging
|
|
Batting: LHB Hugo MacBeth
|
0-0: Ball 1-0: Ball 2-0: Called Strike 2-1: Ball 3-1: Base on Balls Ed Oake to third Elias Vences to second
|
|
Batting: LHB Carlos Cuellar
|
0-0: Foul Ball, location: 2F 0-1: Ball 1-1: Ball 2-1: Foul Ball, location: 2F 2-2: Foul Ball, location: 2F 2-2: Ground out 4-3 (Groundball, 4, EV 78.1 MPH)
|
| Bottom of the 3rd over - 0 runs, 2 hits, 0 errors, 3 left on base; Missoula 0 - San Diego (APP) 0 |
| TOP OF THE 4TH |
|
Missoula Osprey batting - Pitching for San Diego (APP) Padres : RHP Liam Tate
|
|
Batting: RHB Orlando Florez
|
0-0: Called Strike 0-1: Ball 1-1: Ball 2-1: Ball 3-1: Foul Ball, location: 2F 3-2: DOUBLE (Groundball, 5L, EV 100.6 MPH)
|
|
Batting: SHB Ed Vargas
|
0-0: Ball 1-0: SINGLE (Groundball, 4MD, EV 98.1 MPH) Orlando Florez to third
|
|
Batting: RHB D.J. Cooke
|
0-0: Foul Ball, location: 2F 0-1: Swinging Strike 0-2: Ball 1-2: Foul Ball, location: 2F 1-2: Ball 2-2: Foul Ball, location: 2F 2-2: Foul Ball, location: 2F 2-2: Ball 3-2: Foul Ball, location: 2F 3-2: Foul Ball, location: 2F 3-2: Strikes out swinging
|
|
Batting: LHB Dallas Kelly
|
0-0: Ball 1-0: SINGLE (Line Drive, 8LS, EV 107.5 MPH) Orlando Florez scores Ed Vargas to second
|
|
Batting: RHB Edwin Romero
|
0-0: Called Strike 0-1: Foul Ball, location: 2F 0-2: SINGLE (Groundball, 56D, EV 100.6 MPH) Ed Vargas to third Dallas Kelly to second
|
|
Batting: RHB Daniel Rivera
|
0-0: Ball 1-0: Fielders Choice at 2nd, 3-6 (Groundball, 3S, EV 88.1 MPH) Ed Vargas scores Dallas Kelly to third
|
|
Batting: RHB Mike Swift
|
0-0: Ball Pickoff Throw to First - Out! 1-3
|
| Top of the 4th over - 2 runs, 4 hits, 0 errors, 1 left on base; Missoula 2 - San Diego (APP) 0 |
| BOTTOM OF THE 4TH |
|
San Diego (APP) Padres batting - Pitching for Missoula Osprey : RHP Jordan Rondon
|
|
Batting: LHB Conor Barron
|
0-0: Ball 1-0: Called Strike 1-1: Ball 2-1: Ball 3-1: Foul Ball, location: 2F 3-2: Fly out, F8 (Flyball, 89D, EV 79.4 MPH)
|
|
Batting: SHB Isaiah Scates
|
0-0: Ball 1-0: Ball 2-0: Ball 3-0: Called Strike 3-1: Foul Ball, location: 2F 3-2: Strikes out swinging
|
|
Batting: LHB Phil Lerner
|
0-0: Swinging Strike 0-1: Ball 1-1: Called Strike 1-2: Ball 2-2: Ball 3-2: Strikes out swinging
|
| Bottom of the 4th over - 0 runs, 0 hits, 0 errors, 0 left on base; Missoula 2 - San Diego (APP) 0 |
| TOP OF THE 5TH |
|
Missoula Osprey batting - Pitching for San Diego (APP) Padres : RHP Liam Tate
|
|
Batting: RHB Mike Swift
|
0-0: Ball 1-0: Swinging Strike 1-1: Ball 2-1: Ball 3-1: Swinging Strike 3-2: Base on Balls
|
|
Batting: RHB Zach Espinosa
|
0-0: Foul Ball, location: 2F 0-1: Ball 1-1: Grounds into double play, 6-4-3 (Groundball, 6, EV 103.1 MPH)
|
|
Batting: RHB Hyeok Shon
|
0-0: Ground out 6-3 (Groundball, 6, EV 93.8 MPH)
|
| Top of the 5th over - 0 runs, 0 hits, 0 errors, 0 left on base; Missoula 2 - San Diego (APP) 0 |
| BOTTOM OF THE 5TH |
|
San Diego (APP) Padres batting - Pitching for Missoula Osprey : RHP Jordan Rondon
|
|
Batting: RHB Brian DeVoe
|
0-0: Ball 1-0: Ball 2-0: Foul Ball, location: 2F 2-1: Ball 3-1: Base on Balls
|
|
Batting: RHB Ed Oake
|
0-0: Fly out, F7 (Flyball, 7, EV 83.8 MPH)
|
|
Batting: RHB Elias Vences
|
0-0: Ball 1-0: Ball 2-0: Called Strike 2-1: Foul Ball, location: 2F 2-2: Strikes out swinging
|
|
Batting: RHB Max Stillo
|
0-0: Called Strike 0-1: Called Strike 0-2: Ball 1-2: Fly out, F8 (Flyball, 8LS, EV 89.4 MPH)
|
| Bottom of the 5th over - 0 runs, 0 hits, 0 errors, 1 left on base; Missoula 2 - San Diego (APP) 0 |
| TOP OF THE 6TH |
|
Missoula Osprey batting - Pitching for San Diego (APP) Padres : RHP Liam Tate
|
|
Pitching: RHP Roger Brennan
|
|
|
Batting: RHB Orlando Florez
|
0-0: Foul Ball, location: 2F 0-1: Called Strike 0-2: Ball 1-2: Ball 2-2: Foul Ball, location: 2F 2-2: Ground out 4-3 (Groundball, 4, EV 86.9 MPH)
|
|
Batting: SHB Ed Vargas
|
0-0: Ball 1-0: Fly out, F7 (Line Drive, 78M, EV 110.0 MPH)
|
|
Batting: RHB D.J. Cooke
|
0-0: Fly out, F9 (Flyball, 89M, EV 93.8 MPH)
|
| Top of the 6th over - 0 runs, 0 hits, 0 errors, 0 left on base; Missoula 2 - San Diego (APP) 0 |
| BOTTOM OF THE 6TH |
|
San Diego (APP) Padres batting - Pitching for Missoula Osprey : RHP Jordan Rondon
|
|
Batting: LHB Hugo MacBeth
|
0-0: Ball 1-0: Foul Ball, location: 2F 1-1: Swinging Strike 1-2: Foul Ball, location: 2F 1-2: Strikes out swinging
|
|
Batting: LHB Carlos Cuellar
|
0-0: Ball 1-0: Called Strike 1-1: SINGLE (Line Drive, 7S, EV 103.8 MPH)
|
|
Batting: LHB Conor Barron
|
0-0: Ball 1-0: Swinging Strike 1-1: Ball 2-1: Ball 3-1: Fly out, F9 (Flyball, 9LSF, EV 88.8 MPH)
|
|
Pitching: RHP Victor Cisneros
|
|
|
Batting: SHB Isaiah Scates
|
0-0: Ball 1-0: Ball 2-0: Ball 3-0: Called Strike 3-1: Base on Balls Carlos Cuellar to second
|
|
Batting: LHB Phil Lerner
|
0-0: Ball 1-0: Ball 2-0: Ball 3-0: Called Strike 3-1: Base on Balls Carlos Cuellar to third Isaiah Scates to second
|
|
Batting: RHB Brian DeVoe
|
0-0: Swinging Strike 0-1: Ball 1-1: Swinging Strike 1-2: Strikes out swinging
|
| Bottom of the 6th over - 0 runs, 1 hit, 0 errors, 3 left on base; Missoula 2 - San Diego (APP) 0 |
| TOP OF THE 7TH |
|
Missoula Osprey batting - Pitching for San Diego (APP) Padres : RHP Roger Brennan
|
|
Batting: LHB Dallas Kelly
|
0-0: Ball 1-0: Swinging Strike 1-1: Ball 2-1: SOLO HOME RUN (Flyball, 89XD, EV 105.6 MPH), Distance : 427 ft
|
|
Batting: RHB Edwin Romero
|
0-0: Ball 1-0: Ground out 1-3 (Groundball, 15S, EV 71.2 MPH)
|
|
Batting: RHB Daniel Rivera
|
0-0: Called Strike 0-1: Ball 1-1: Ball 2-1: Ground out 4-3 (Groundball, 4S, EV 88.8 MPH)
|
|
Batting: RHB Mike Swift
|
0-0: Called Strike 0-1: Ball 1-1: Foul Ball, location: 2F 1-2: Foul Ball, location: 2F 1-2: Strikes out looking
|
| Top of the 7th over - 1 run, 1 hit, 0 errors, 0 left on base; Missoula 3 - San Diego (APP) 0 |
| BOTTOM OF THE 7TH |
|
San Diego (APP) Padres batting - Pitching for Missoula Osprey : RHP Victor Cisneros
|
|
Batting: RHB Ed Oake
|
0-0: Ball 1-0: Called Strike 1-1: Called Strike 1-2: Strikes out looking
|
|
Batting: RHB Elias Vences
|
0-0: Ball 1-0: Ball 2-0: Ball 3-0: Base on Balls
|
|
Batting: RHB Max Stillo
|
0-0: Ball 1-0: Ball Elias Vences steals 2nd base (no throw) 2-0: Called Strike 2-1: Foul Ball, location: 2F 2-2: Ball 3-2: Foul Ball, location: 2F 3-2: Base on Balls
|
|
Pitching: LHP Josh Hubbard
|
|
|
Batting: LHB Hugo MacBeth
|
0-0: Foul Ball, location: 2F 0-1: Ball 1-1: Ball 2-1: Fielders Choice at 2nd, 3-6 (Groundball, 3, EV 98.8 MPH) Elias Vences to third
|
|
Batting: RHB Adrian Cook
|
0-0: Fly out, F9 (Flyball, 89M, EV 78.8 MPH)
|
| Bottom of the 7th over - 0 runs, 0 hits, 0 errors, 2 left on base; Missoula 3 - San Diego (APP) 0 |
| TOP OF THE 8TH |
|
Missoula Osprey batting - Pitching for San Diego (APP) Padres : RHP Roger Brennan
|
|
Batting: RHB Zach Espinosa
|
0-0: Ball 1-0: Foul Ball, location: 2F 1-1: Called Strike 1-2: Ball 2-2: Strikes out looking
|
|
Batting: RHB Hyeok Shon
|
0-0: Called Strike 0-1: Foul Ball, location: 2F 0-2: SINGLE (Line Drive, 78S, EV 101.9 MPH)
|
|
Batting: RHB Orlando Florez
|
0-0: Ball Hyeok Shon steals 2nd base 1-0: Called Strike 1-1: Ground out 3-1 (Groundball, 34, EV 92.5 MPH) Hyeok Shon to third
|
|
Batting: SHB Ed Vargas
|
0-0: Intentional Walk
|
|
Batting: RHB D.J. Cooke
|
0-0: Called Strike 0-1: Fly out, F8 (Line Drive, 8RM, EV 96.2 MPH)
|
| Top of the 8th over - 0 runs, 1 hit, 0 errors, 2 left on base; Missoula 3 - San Diego (APP) 0 |
| BOTTOM OF THE 8TH |
|
San Diego (APP) Padres batting - Pitching for Missoula Osprey : LHP Josh Hubbard
|
|
Batting: LHB Conor Barron
|
0-0: Called Strike 0-1: Called Strike 0-2: Ball 1-2: Ball 2-2: Foul Ball, location: 2F 2-2: Strikes out swinging
|
|
Batting: SHB Isaiah Scates
|
0-0: Foul Ball, location: 2F 0-1: Ball 1-1: SINGLE (Line Drive, 6MD, EV 96.9 MPH)
|
|
Batting: LHB Phil Lerner
|
0-0: Ball 1-0: DOUBLE (Line Drive, 8RXD, EV 105.6 MPH) Isaiah Scates to third Runner from 3rd tries for Home, SAFE, no throw by CF
|
|
Pitching: RHP Moises Baez
|
|
|
Batting: RHB Brian DeVoe
|
0-0: Called Strike 0-1: Called Strike 0-2: Ball 1-2: Strikes out swinging
|
|
Pinch Hitting: LHB Tony Contreras
|
0-0: Ball 1-0: Foul Ball, location: 2F 1-1: Ball 2-1: 2-RUN HOME RUN (Flyball, 7LD, EV 92.5 MPH), Distance : 358 ft
|
|
Batting: RHB Elias Vences
|
0-0: Called Strike 0-1: Ball 1-1: Foul Ball, location: 2F 1-2: Foul Ball, location: 2F 1-2: Strikes out swinging
|
| Bottom of the 8th over - 3 runs, 3 hits, 0 errors, 0 left on base; Missoula 3 - San Diego (APP) 3 |
| TOP OF THE 9TH |
|
Missoula Osprey batting - Pitching for San Diego (APP) Padres : RHP Roger Brennan
|
|
Now at 3B: Ruben Luis
|
|
|
Batting: LHB Dallas Kelly
|
0-0: Ball 1-0: Foul Ball, location: 2F 1-1: Foul Ball, location: 2F 1-2: SINGLE (Groundball, 4MD, EV 103.1 MPH)
|
|
Batting: RHB Edwin Romero
|
0-0: Bunt missed! 0-1: Bunt missed! 0-2: Ball 1-2: Foul Ball, location: 2F 1-2: DOUBLE (Line Drive, 7LM, EV 113.1 MPH) Dallas Kelly to third
|
|
Batting: RHB Daniel Rivera
|
0-0: Ball 1-0: Swinging Strike 1-1: Ball 2-1: Foul Ball, location: 2F 2-2: Fly out, F7 (Line Drive, 78S, EV 96.9 MPH)
|
|
Batting: LHB Josh Thomas
|
0-0: Intentional Walk
|
|
Pitching: RHP Ching Ge
|
|
|
Batting: RHB Zach Espinosa
|
0-0: Ball 1-0: Called Strike 1-1: Swinging Strike 1-2: Ball 2-2: Ball 3-2: Foul Ball, location: 2F 3-2: Foul Ball, location: 2F 3-2: Strikes out looking
|
|
Batting: RHB Hyeok Shon
|
0-0: Called Strike 0-1: Ball 1-1: Foul Ball, location: 2F 1-2: Ball 2-2: Foul Ball, location: 2F 2-2: Strikes out looking
|
| Top of the 9th over - 0 runs, 2 hits, 0 errors, 3 left on base; Missoula 3 - San Diego (APP) 3 |
| BOTTOM OF THE 9TH |
|
San Diego (APP) Padres batting - Pitching for Missoula Osprey : RHP Moises Baez
|
|
Batting: RHB Max Stillo
|
0-0: Ball 1-0: Ball 2-0: Foul Ball, location: 2F 2-1: Called Strike 2-2: Ball 3-2: Foul Ball, location: 2F 3-2: SOLO HOME RUN (Flyball, 7D, EV 98.8 MPH), Distance : 374 ft
|
| Bottom of the 9th over - 1 run, 1 hit, 0 errors, 0 left on base; Missoula 3 - San Diego (APP) 4 |
|